Map: Dusk Towers

Players

Gon

  • Race: Protoss Protoss
  • League: Gold

LilDicky - Winner!

  • Race: Terran Terran
  • League: Diamond

VOD

http://www.twitch.tv/tumescentpie

Description

Time

  • Played on: Nov. 23, 2015, 3:50 p.m.
  • Length: 6:41
Show
View Real Time Build Order
Export as new Build Order

Gon Protoss 

Build Orders:  

Get SALT Encoding   

  12  0:01  Probe (Chrono Boost)  
  13  0:11  Probe (Chrono Boost)  
  14  0:17  Pylon  
  14  0:22  Probe (Chrono Boost)  
  16  0:35  Probe (Chrono Boost)  
  16  0:37  Gateway  
  16  0:43  Assimilator  
  16  0:46  Probe (Chrono Boost)  
  17  0:56  Probe (Chrono Boost)  
  18  1:04  Gateway  
  18  1:07  Probe (Chrono Boost)  
  19  1:17  Pylon  
  19  1:18  Probe (Chrono Boost)  
  20  1:25  Cybernetics Core  
  20  1:29  Probe (Chrono Boost)  
  21  1:40  Probe (Chrono Boost)  
  22  1:50  Probe (Chrono Boost)  
  23  2:02  Adept x2  
  23  2:03  Warp Gate  
  27  2:13  Probe (Chrono Boost)  
  28  2:20  Nexus  
  28  2:26  Probe (Chrono Boost)  
  29  2:31  Assimilator  
  29  2:42  Probe (Chrono Boost)  
  30  2:50  Robotics Facility  
  30  2:52  Probe (Chrono Boost)  
  31  3:05  Pylon  
  31  3:09  Probe (Chrono Boost)  
  29  3:22  Stalker  
  29  3:24  Mothership Core (Chrono Boost)  
  33  3:33  Probe (Chrono Boost)  
  22  3:43  Probe (Chrono Boost)  
  22  3:52  Stalker  
  24  4:09  Observer (Chrono Boost)  
  25  4:17  Probe (Chrono Boost)  
  25  4:18  Probe  
  27  4:35  Probe x2 (Chrono Boost)  
  29  4:46  Probe (Chrono Boost)  
  29  4:48  Probe (Chrono Boost)  
  31  5:09  Stalker, Zealot  
  31  5:29  Probe (Chrono Boost)  
  31  5:32  Probe (Chrono Boost)  
  31  5:33  Gateway  
  33  5:40  Probe (Chrono Boost)  
  34  5:43  Probe (Chrono Boost)  
  35  5:50  Probe (Chrono Boost)  
  35  5:53  Probe (Chrono Boost)  
  37  6:00  Stalker  
  37  6:01  Sentry, Probe (Chrono Boost)  
  43  6:04  Probe (Chrono Boost)  
  44  6:11  Probe (Chrono Boost)  
  44  6:14  Probe (Chrono Boost)  
  45  6:22  Probe (Chrono Boost)  
  46  6:27  Sentry x2  
Show
View Real Time Build Order
Export as new Build Order

LilDicky Terran - Winner!

Build Orders: MMM Bio 

Get SALT Encoding   

  12  0:01  SCV  
  13  0:13  SCV  
  14  0:18  Supply Depot  
  14  0:25  Refinery  
  14  0:29  SCV  
  15  0:41  SCV  
  16  0:49  Barracks  
  16  0:53  SCV  
  17  1:05  SCV  
  18  1:18  SCV  
  19  1:37  Factory  
  19  1:38  Supply Depot, Orbital Command  
  19  1:39  Marine  
  20  1:57  Marine  
  21  2:04  Barracks  
  21  2:09  Barracks  
  21  2:11  SCV  
  22  2:23  SCV  
  22  2:29  Barracks Reactor, Refinery  
  23  2:30  Supply Depot  
  23  2:32  Widow Mine  
  23  2:35  SCV  
  25  2:43  Bunker  
  25  2:47  SCV  
  26  2:53  Barracks Tech Lab  
  26  2:56  Barracks Tech Lab  
  26  2:59  SCV  
  26  3:00  Widow Mine  
  29  3:11  SCV  
  29  3:14  Marine x2  
  29  3:16  Stimpack  
  29  3:17  Combat Shields  
  30  3:20  Marine  
  30  3:26  SCV  
  32  3:27  Marine  
  32  3:33  Supply Depot  
  33  3:45  Marauder x2  
  33  3:46  Marine  
  38  3:49  Marine  
  38  3:55  SCV  
  40  4:06  Supply Depot  
  40  4:07  SCV, Marauder, Marine x2  
  40  4:08  Marine  
  46  4:19  SCV  
  46  4:23  Supply Depot  
  47  4:25  Widow Mine  
  47  4:26  Marine x2  
  51  4:35  Starport  
  49  4:39  Marauder  
  49  4:43  SCV  
  49  4:45  Marine  
  53  4:50  Marauder  
  51  5:06  Marine x2  
  54  5:07  Marauder  
  53  5:14  Medivac  
  53  5:18  Marine  
  56  5:24  Marine  
  54  5:28  Marauder  
  54  5:34  SCV  
  55  5:44  Widow Mine  
  55  5:47  Command Center, SCV  
  58  5:54  Starport Reactor  
  58  5:56  Marine x2  
  60  5:57  Marine  
  60  5:58  Marine  
  62  6:14  SCV, Marine x2  
  62  6:15  Marine  
  62  6:16  Marauder  
Tags
 
Add a new tag
Caveats
  • Supply blocks, unpowered buildings, or Contaminate may cause inaccurate times.
  • Supply counts are checked every 10 seconds.